 Dungeon Crawl Stone Soup version 0.28-a0-439-g4cf4cd4993 (webtiles) character file.

Game seed: 5327346324908382154

16723 Astera the Spear-Bearer (level 12, -7/97 HPs)
             Began as a Merfolk Gladiator on Sept 11, 2021.
             Was a High Priest of Makhleb.
             Mangled by an orc warlord (32 damage)
             ... on level 11 of the Dungeon.
             The game lasted 01:13:14 (16707 turns).

Astera the Spear-Bearer (Merfolk Gladiator)        Turns: 16707, Time: 01:13:14

Health: -7/97      AC: 13    Str: 17    XL:     12   Next: 40%
Magic:  14/14      EV: 23    Int: 11    God:    Makhleb [*****.]
Gold:   658        SH:  0    Dex: 18    Spells: 11/11 levels left

rFire   + . .      SeeInvis +   F - +4 halberd (freeze)
rCold   + . .      Faith    .   (shield currently unavailable)
rNeg    . . .      Spirit   .   H - +0 acid dragon scales
rPois   .          Reflect  .   u - +1 helmet
rElec   .          Harm     .   r - scarf {+Inv}
rCorr   +          Rampage  .   i - +0 pair of gloves
Will    .....                   (boots currently unavailable)
Stlth   +++++.....              y - amulet "Lacoziwn" {rC+ Regen+ Int+4 SInv}
HPRegen 1.26/turn               G - ring of protection from fire
MPRegen 0.14/turn               m - +4 ring of protection

@: studying Throwing, very quick
A: nimble swimmer 2, mertail
a: Renounce Religion, Evoke Invisibility, Minor Destruction, Lesser Servant of
Makhleb, Major Destruction, Greater Servant of Makhleb


You were on level 11 of the Dungeon.
You worshipped Makhleb.
Makhleb was extremely pleased with you.
You visited 3 branches of the dungeon, and saw 13 of its levels.

You collected 658 gold pieces.

Inventory:

Hand Weapons
 g - a +0 bardiche
 F - a +4 halberd of freezing (weapon)
Missiles
 a - 5 javelins (quivered)
 b - a curare-tipped dart
 d - 4 throwing nets
 A - 7 silver javelins
Armour
 i - a +0 pair of gloves (worn)
 r - a scarf of invisibility (worn)
 u - a +1 helmet (worn)
 H - +0 acid dragon scales (worn)
 M - a +2 pair of boots (melded)
Jewellery
 f - a ring of protection from cold
 k - a +4 ring of evasion
 m - a +4 ring of protection (right hand)
 x - a +6 ring of intelligence
 y - the amulet "Lacoziwn" (around neck) {rC+ Regen+ Int+4 SInv}
   (You found it on level 9 of the Dungeon)

   [amulet of regeneration]

   Int:       It affects your intelligence (+4).
   rC:        It protects you from cold.
   SInv:      It lets you see invisible.
   Regen:     It increases your rate of health regeneration.
 G - a ring of protection from fire (left hand)
Wands
 e - a wand of iceblast (7)
 t - a wand of acid (11)
 E - a wand of digging (4)
Scrolls
 j - 2 scrolls of teleportation {unknown}
 l - a scroll of silence {unknown}
 p - a scroll of enchant armour
 s - a scroll of amnesia {unknown}
 v - a scroll of vulnerability {unknown}
 z - a scroll of magic mapping {unknown}
 D - a scroll of blinking {unknown}
 I - a scroll of immolation {unknown}
 L - a scroll of acquirement {unknown}
 O - a scroll of identify
 P - a scroll of fear
Potions
 c - a potion of cancellation {unknown}
 h - a potion of haste {unknown}
 n - a potion of ambrosia {unknown}
 o - 3 potions of attraction
 q - 5 potions of brilliance
 w - a potion of curing
 B - a potion of might {unknown}
 C - a potion of berserk rage {unknown}
 J - a potion of heal wounds
 K - a potion of mutation {unknown}
 N - a potion of magic {unknown}


   Skills:
 + Level 10.0 Fighting
 + Level 13.0 Polearms
 + Level 10.8 Throwing
 + Level 12.2 Dodging
 - Level 10.1 Stealth
 + Level 2.7 Invocations


You had 11 spell levels left.
You didn't know any spells.
Your spell library contained the following spells:

 Spells                   Type           Power      Damage    Failure   Level
 Foxfire                  Conj/Fire      0%         2x1d4     43%         1
 Shock                    Conj/Air       0%         1d3       43%         1
 Ensorcelled Hibernation  Hex/Ice        0%         N/A       58%         2
 Slow                     Hex            0%         N/A       58%         2
 Confusing Touch          Hex            0%         N/A       82%         3
 Conjure Flame            Conj/Fire      0%         6-21      82%         3
 Dazzling Flash           Conj/Hex       0%         N/A       82%         3
 Ignite Poison            Fire/Tmut/Pois 0%         N/A       82%         3
 Inner Flame              Hex/Fire       0%         N/A       82%         3
 Spider Form              Tmut/Pois      0%         N/A       82%         3
 Swiftness                Air            0%         N/A       82%         3
 Vampiric Draining        Necr           0%         2d6       82%         3
 Airstrike                Air            0%         N/A       99%         4
 Animate Armour           Summ/Erth      0%         N/A       99%         4
 Cause Fear               Hex            0%         N/A       99%         4
 Flame Wave               Conj/Fire      0%         3d3       99%         4
 Sticky Flame             Conj/Fire      0%         2d3       99%         4
 Agony                    Necr           0%         N/A       100%        5
 Blade Hands              Tmut           0%         N/A       100%        5
 Silence                  Hex/Air        0%         N/A       100%        5
 Yara's Violent Unravell  Hex/Tmut       0%         3d3       100%        5
 Iron Shot                Conj/Erth      0%         9d1       100%        6
 Dragon Form              Tmut           0%         N/A       100%        7
 Dragon's Call            Summ           0%         N/A       100%        9


Dungeon Overview and Level Annotations

Branches:
Dungeon (11/15)            Temple (1/1) D:5            Lair (0/6) D:9
    Orc (1/2) D:11

Altars:
Ashenzari
Cheibriados
Dithmenos
Elyvilon
Fedhas
Gozag
Hepliaklqana
Kikubaaqudgha
Makhleb
Nemelex Xobeh
Okawaru
Qazlal
Ru
Sif Muna
Trog
Uskayaw
Vehumet
Wu Jian
Xom
Yredelemnul
Zin
The Shining One

Shops:
D:5 =   D:6 ?((   D:8 :[(   D:11 =

Annotations:
D:4 1 runed translucent door, Decipherer's ghost, amateur MiBe
D:8 exclusions: centaur, gargoyle, orc warrior, orc wizard, vampire mosquito and yak
D:9 exclusion: 4 killer bees


Innate Abilities, Weirdness & Mutations

You are quick and stealthy near water. (Stealth+, EV+, Speed+++)
Your lower body shifts to a powerful aquatic tail in water.


Message History

The orc warlord roars a battlecry!
The orc warrior goes into a battle-frenzy!
The orc warrior throws a boomerang.
The boomerang misses you.
The orc warrior throws a boomerang.
The boomerang hits you but does no damage.
Your legs become a tail as you enter the water.
Your +2 pair of boots melds into your body.
The orc warrior throws a boomerang.
The boomerang barely misses you.
You reach to attack!
You barely miss the orc warlord.
The orc warlord is lightly wounded.
You hit the orc warlord. You freeze the orc warlord.
The orc warlord is lightly wounded.
The orc warlord completely misses you.
You hit the orc warlord but do no damage.
You tail-slap the orc warlord, but do no damage.
The orc warlord is lightly wounded.
The orc warrior throws a boomerang.
The boomerang barely misses you.
You slash the orc warlord! You freeze the orc warlord.
You tail-slap the orc warlord, but do no damage.
The orc warlord is moderately wounded.
The orc warlord misses you.
You barely miss the orc warlord.
The orc warlord is moderately wounded.
You slash the orc warlord! You freeze the orc warlord.
The orc warlord is heavily wounded.
The orc warlord completely misses you.
The orc warrior hits you with a +0 flail!!
You slash the orc warlord! You freeze the orc warlord.
The orc warlord is severely wounded.
The orc warlord completely misses you.
The orc warrior hits you with a +0 flail!
You hit the orc warlord but do no damage.
The orc warlord is severely wounded.
The orc warlord hits you with a +2 battleaxe!!
* * * LOW HITPOINT WARNING * * *
The orc warrior completely misses you.
You slash the orc warlord! You freeze the orc warlord.
The orc warlord is almost dead.
The orc warlord hits you with a +2 battleaxe!!
You die...

#.#
#####################
#!'[#..........(.....
#!#.#................
#!#.#................
#.#.................[
###......[.).>.....##
#≈o...#÷...........
#.@o..#............
###################


You could see an orc warlord and an orc warrior (strong).

Vanquished Creatures
  Gastronok (D:8)
  A centaur warrior (D:8)
  3 two-headed ogres
  An ugly thing (D:11)
  4 cyclopes
  Joseph (D:7)
  Maggie (D:10)
  2 trolls
  A hornet (D:11)
  2 shadows
  2 vampires
  11 yaks
  3 wyverns
  3 wraiths
  A steam dragon (D:9)
  3 vampire mosquitoes (D:11)
  2 acid dragons
  A water moccasin (D:7)
  7 orc warriors
  A swamp drake (D:11)
  2 black bears (D:7)
  3 ice beasts
  2 necrophages
  4 ogres
  A sky beast (D:6)
  A centaur (D:8)
  3 kobold brigands
  2 phantoms
  3 bullfrogs
  2 gnoll sergeants
  4 scorpions
  A killer bee (D:8)
  15 wights
  4 howler monkeys
  9 centaur zombies
  A centaur skeleton (D:5)
  A human zombie (D:9)
  A hound (D:6)
  2 jellies
  11 orc priests
  Ijyb (D:3)
  2 iguanas
  9 orc wizards
  2 mummies (D:9)
  2 howler monkey zombies
  Robin (D:3)
  10 gnolls
  4 adders
  3 white imps
  An ufetubus (D:5)
  An adder skeleton (D:5)
  A worm (D:2)
  A dart slug (D:1)
  39 orcs
  8 ball pythons
  10 endoplasms
  2 giant cockroaches
  19 goblins
  9 hobgoblins
  3 jackals (D:1)
  3 quokkas (D:1)
  5 bats
  A frilled lizard (D:1)
  22 kobolds
  7 rats
  A spectral orc (D:5)
290 creatures vanquished.

Vanquished Creatures (others)
  A bush (D:3)
  15 plants (D:3)
16 creatures vanquished.

Grand Total: 306 creatures vanquished

Notes
Turn   | Place    | Note
-------+----------+-------------------------------------------
     0 | D:1      | Astera the Merfolk Gladiator began the quest for the Orb.
     0 | D:1      | Reached XP level 1. HP: 16/16 MP: 1/1
    84 | D:1      | You fall into a shaft and drop 1 floor!
   315 | D:2      | Reached XP level 2. HP: 13/23 MP: 2/2
   559 | D:1      | Reached skill level 1 in Stealth
   803 | D:1      | Reached XP level 3. HP: 28/28 MP: 3/3
   987 | D:1      | Found a faded altar of an unknown god.
   994 | D:1      | Became a worshipper of Makhleb the Destroyer
   994 | D:1      | Reached * piety under Makhleb
  1249 | D:1      | Reached skill level 5 in Polearms
  1424 | D:2      | Reached XP level 4. HP: 34/34 MP: 4/4
  1492 | D:2      | Reached ** piety under Makhleb
  2079 | D:3      | You fall into a shaft and drop 3 floors!
  2336 | D:6      | Noticed a bullfrog
  2345 | D:6      | Killed a bullfrog
  2346 | D:6      | Reached skill level 5 in Dodging
  2346 | D:6      | Reached XP level 5. HP: 41/41 MP: 5/5
  2425 | D:6      | Found a hide-covered altar of Uskayaw.
  2481 | D:6      | Noticed a sky beast
  2901 | D:6      | Killed a sky beast
  2902 | D:6      | Reached XP level 6. HP: 39/47 MP: 6/6
  3116 | D:5      | Entered Level 5 of the Dungeon
  3122 | D:5      | Reached skill level 6 in Polearms
  3654 | D:3      | Noticed Ijyb
  3666 | D:3      | Killed Ijyb
  3824 | D:3      | Noticed Robin
  4046 | D:3      | Killed Robin
  4047 | D:3      | Reached XP level 7. HP: 39/53 MP: 7/7
  4517 | D:4      | Found a shadowy altar of Dithmenos.
  4583 | D:3      | Reached *** piety under Makhleb
  5196 | D:4      | Found a runed translucent door.
  5197 | D:4      | Noticed Decipherer's ghost (amateur MiBe)
  5460 | D:4      | Reached skill level 7 in Polearms
  5706 | D:4      | Reached XP level 8. HP: 56/61 MP: 8/8
  5905 | D:4      | Found a broken altar of Ashenzari.
  5963 | D:5      | Found Ateitog's Jewellery Emporium.
  6276 | D:5      | Found a staircase to the Ecumenical Temple.
  6297 | Temple   | Entered the Ecumenical Temple
  6929 | D:5      | Found a hazy altar of Hepliaklqana.
  7314 | D:6      | Reached skill level 5 in Fighting
  7363 | D:6      | Reached skill level 5 in Stealth
  7386 | D:6      | Reached **** piety under Makhleb
  7474 | D:6      | Found Hareet's Antique Weapon Boutique.
  7501 | D:6      | Reached skill level 8 in Polearms
  7501 | D:6      | Reached skill level 5 in Throwing
  7511 | D:6      | Found Veogo's Magic Scroll Shop.
  7537 | D:6      | Found a burning altar of Makhleb.
  7781 | D:6      | Found Poemun's Antique Weapon Shop.
  7948 | D:7      | Noticed Joseph
  8352 | D:6      | HP: 1/62 [iguana (4)]
  8737 | D:6      | Found Poemun's Antique Weapon Shop.
  8746 | D:6      | Reached XP level 9. HP: 66/68 MP: 9/9
  8869 | D:6      | Found a hide-covered altar of Uskayaw.
  9262 | D:6      | Found Hareet's Antique Weapon Boutique.
  9359 | D:6      | Found a burning altar of Makhleb.
  9364 | D:6      | Found Veogo's Magic Scroll Shop.
 10347 | D:7      | Reached skill level 9 in Polearms
 10360 | D:7      | Found a white marble altar of Elyvilon.
 10589 | D:7      | Killed Joseph
 11157 | D:8      | Found a stormy altar of Qazlal.
 11157 | D:8      | Noticed Gastronok
 11349 | D:8      | Killed Gastronok
 11350 | D:8      | Reached skill level 10 in Polearms
 11350 | D:8      | Reached XP level 10. HP: 56/80 MP: 2/10
 11620 | D:8      | Found Hoila's Book Emporium.
 11646 | D:8      | Found Keemeh's Antique Weapon Boutique.
 11652 | D:8      | Found Hirchef's Antique Armour Emporium.
 11755 | D:8      | Noticed a gargoyle
 11809 | D:8      | Noticed a centaur warrior
 11830 | D:8      | Killed a centaur warrior
 11831 | D:8      | Reached skill level 10 in Dodging
 11839 | D:8      | Reached skill level 11 in Polearms
 12602 | D:8      | Found an ornate altar of the Wu Jian Council.
 12642 | D:8      | Found a bloodstained altar of Trog.
 13136 | D:9      | Reached XP level 11. HP: 78/83 MP: 9/11
 13140 | D:9      | Noticed a two-headed ogre
 13277 | D:9      | Killed a two-headed ogre
 13397 | D:9      | Found a shimmering altar of Xom.
 13749 | D:9      | Noticed a cyclops
 13756 | D:9      | Killed a cyclops
 13813 | D:9      | Found a glowing golden altar of the Shining One.
 13818 | D:9      | Found a staircase to the Lair.
 13961 | D:9      | Reached ***** piety under Makhleb
 14047 | D:9      | Identified the amulet "Lacoziwn" {rC+ Regen+ Int+4 SInv}
 14276 | D:9      | Found a basalt altar of Yredelemnul.
 14446 | D:10     | Entered Level 10 of the Dungeon
 14712 | D:10     | Reached skill level 12 in Polearms
 14887 | D:10     | Found a glowing silver altar of Zin.
 15315 | D:10     | Noticed Maggie
 15330 | D:10     | Killed Maggie
 15816 | D:11     | Noticed a cyclops
 15837 | D:11     | Killed a cyclops
 15838 | D:11     | Reached skill level 10 in Throwing
 15838 | D:11     | Reached skill level 10 in Stealth
 15853 | D:11     | Found Ranocvum's Jewellery Boutique.
 15910 | D:11     | Paralysed by a hornet for 2 turns
 16003 | D:11     | Reached XP level 12. HP: 96/96 MP: 12/12
 16099 | D:11     | Noticed a two-headed ogre
 16106 | D:11     | Killed a two-headed ogre
 16107 | D:11     | Reached skill level 1 in Invocations
 16366 | D:11     | Noticed a two-headed ogre
 16384 | D:11     | Killed a two-headed ogre
 16425 | D:11     | Found a staircase to the Orcish Mines.
 16465 | D:11     | Reached skill level 10 in Fighting
 16470 | D:11     | Reached skill level 13 in Polearms
 16516 | Orc:1    | Entered Level 1 of the Orcish Mines
 16674 | Orc:1    | Noticed an orc warlord
 16707 | D:11     | Mangled by an orc warlord

Illustrated notes

Levels and vault maps discovered:
D:1:      dpeg_arrival_concentric_ovals, layout_basic,
          shapermc_ecumenical_altar_totnotflames, kennysheep_nondescript,
          palyth_stone_intersect
D:2:      layout_loops_cross, corexii_hall_statues_x
D:3:      mumra_celtic_spiral_tile, layout_rooms, serial_forest,
          infiniplex_forest_straight_4, infiniplex_forest_clump_cross,
          infiniplex_forest_clump_double, infiniplex_forest_zigzag_1,
          infiniplex_forest_lined_room_2, infiniplex_forest_clump_tiny,
          infiniplex_forest_clump_tiny, infiniplex_forest_clump_double,
          uniq_robin, uniq_ijyb
D:4:      layout_gridville, mainiacjoe_overflow_alcove_2, grunt_dithmenos_smoke,
          ebering_ghost_reflecting_pool
D:5:      layout_loops_corners, nicolae_hepliaklqana_monster_ancestors,
          minmay_temple_entry_nine_rooms, serial_shops, nicolae_stop_n_shop_1
D:6:      layout_basic, pf_just_have_faith, mainiacjoe_overflow_paths,
          serial_shops, shop, shop, shop_fountains, minmay_stone_trees_small,
          dk_vineyard_2
D:7:      layout_loops_ring, nicolae_elyvilon_temple_path, due_unseen_surprise,
          uniq_joseph
D:8:      nzn_winding_woodlands_small [nzn_winding_woodlands_5x15_crooked,
          nzn_winding_woodlands_center_garden,
          nzn_winding_woodlands_5x15_pockets], layout_gridville,
          mainiacjoe_overflow_surrounded_room, nicolae_qazlal_scattered_showers,
          lemuel_doored_altar, nicolae_wooded_promenade, hex_medium,
          minmay_manual_mail, uniq_gastronok
D:9:      layout_irregular_city, xom_confusion_cloud, old_standard_altar,
          lemuel_mausoleum_altar_yredelemnul, lair_entry_dummy
D:10:     layout_grid_maze, kennysheep_mini, kennysheep_generic_room_14,
          uniq_maggie
D:11:     layout_loops_ring, erik_orc_1, serial_shops, shop
Temple:   jpeg_temple_island
Orc:1:    layout_caves

Skill      XL: |  1  2  3  4  5  6  7  8  9 10 11 12 |
---------------+-------------------------------------+-----
Stealth        | 1 2 3 4 5 7 8 10 | 10.1
Polearms       | 5 6 7 8 10 11 12 13 | 13.0
Fighting       | 3 4 5 7 8 9 10 | 10.0
Dodging        | 5 6 7 9 10 11 12 | 12.2
Throwing       | 3 4 5 7 8 10 | 10.8
Invocations    | 2 |  2.7

Action                   |  1- 3 |  4- 6 |  7- 9 | 10-12 || total
-------------------------+-------+-------+-------+-------++-------
Melee: Trident           |   103 |   132 |   297 |       ||   532
       Unarmed           |       |       |    79 |       ||    79
       Halberd           |       |       |   113 |   454 ||   567
       Tailslap          |       |       |    10 |     3 ||    13
Throw: Javelin           |       |       |       |    24 ||    24
       Dart              |       |       |       |     1 ||     1
Evoke: Wand              |       |     2 |       |       ||     2
  Use: Scroll            |       |     4 |     4 |       ||     8
       Potion            |       |       |     1 |     4 ||     5
 Stab: Sleeping          |     1 |     7 |     5 |    27 ||    40
       Distracted        |       |     1 |     3 |     1 ||     5
Armor: Leather armour    |    20 |    33 |    95 |       ||   148
       Acid dragon scale |       |       |    15 |   124 ||   139
Dodge: Dodged            |    50 |    60 |   278 |   310 ||   698
Block: Buckler           |       |     3 |    48 |       ||    51

Table legend: (Time is in decaauts)
 A = Elapsed time spent in this place.
 B = Non-inter-level travel time spent in this place.
 C = Inter-level travel time spent in this place.
 D = Time resting spent in this place.
 E = Time spent auto-exploring this place.
 F = Levels seen in this place.
 G = Mean time per level.
                   A        B        C        D        E       F      G
               +--------+--------+--------+--------+--------+-----+--------+
         Total |  16554 |  15420 |   1134 |   2831 |   6663 |  13 | 1273.4 |
       Dungeon |  16061 |  14959 |   1102 |   2824 |   6376 |  11 | 1460.1 |
        Temple |    324 |    292 |     32 |      0 |    287 |   1 |  324.0 |
  Orcish Mines |    168 |    168 |      0 |      7 |      0 |   1 |  168.0 |
               +--------+--------+--------+--------+--------+-----+--------+

Top non-repeatable levels by time:
     D:6: 3658 daAuts
     D:8: 2025 daAuts
     D:3: 1547 daAuts
     D:5: 1421 daAuts
    D:10: 1279 daAuts
     D:7: 1204 daAuts
     D:2: 1195 daAuts
     D:9: 1079 daAuts
     D:4: 987 daAuts
     D:1: 913 daAuts
    D:11: 746 daAuts
  Temple: 324 daAuts
   Orc:1: 168 daAuts
